 Dungeon Crawl Stone Soup version 0.25.1-2-g60ff931df9 (webtiles) character file.

Game seed: 16083494091073673032

71 Araneus the Cudgeler (level 4, 0/35 HPs)
             Began as a Mummy Fighter on Nov 13, 2020.
             Slain by an orc wizard
             ... wielding a +0 dagger
              (5 damage)
             ... on level 2 of the Dungeon.
             The game lasted 00:03:59 (1296 turns).

Araneus the Cudgeler (Mummy Fighter)                Turns: 1296, Time: 00:04:00

Health: 0/35       AC: 10    Str: 20    XL:     4   Next: 5%
Magic:  4/4        EV:  7    Int:  7    God:
Gold:   69         SH:  8    Dex: 11    Spells: 3/3 levels left

rFire    x . .     SeeInvis .   a - +0 flail
rCold    + . .     Gourm    .   c - +0 kite shield
rNeg     + + +     Faith    .   b - +0 scale mail
rPois    ∞         Spirit   .   (no helmet)
rElec    .         Reflect  .   (no cloak)
rCorr    .         Harm     .   (no gloves)
MR       .....                  (no boots)
Stlth    ..........             (no amulet)
HPRegen  0.11/turn              f - +4 ring of protection
MPRegen  0.09/turn              (no ring)

@: no status effects
A: no food or potions, fire vulnerability, cold resistance 1, negative energy
resistance 3, torment resistance, unbreathing
a: no special abilities


You were on level 2 of the Dungeon.
You were not hungry.

You visited 1 branch of the dungeon, and saw 4 of its levels.

You collected 69 gold pieces.

Inventory:

Hand Weapons
 a - a +0 flail (weapon)
Armour
 b - a +0 scale mail (worn)
 c - a +0 kite shield (worn)
Jewellery
 e - an uncursed ring of poison resistance {unknown}
 f - a +4 ring of protection (left hand)
Scrolls
 d - a scroll of identify
 g - a scroll of remove curse
 h - 4 scrolls of amnesia
 j - a scroll of fog


   Skills:
 - Level 3.0 Fighting
 + Level 3.6 Maces & Flails
 - Level 2.4 Armour
 - Level 2.4 Shields


You had 3 spell levels left.
You didn't know any spells.
Your spell library was empty.

Dungeon Overview and Level Annotations

Branches:
Dungeon (4/15)
 Temple: D:4-7

Altars:
Ru


Innate Abilities, Weirdness & Mutations

You do not eat or drink.
Your flesh is vulnerable to fire.
You are immune to poison.
Your flesh is cold resistant. (rC+)
You are immune to negative energy. (rN+++)
You are immune to unholy pain and torment.
You can survive without breathing.


Message History

You closely miss something. Something hits you but does no damage.
You miss something. Something hits you but does no damage.
Your shield and scale mail prevent you from hitting something.
You block something's attack.
You closely miss something.
You hear some strange, mumbled words.
A magic dart appears from out of thin air!
The magic dart hits you.
* * * LOW HITPOINT WARNING * * *
Something hits you but does no damage.
You barely miss something. Something hits you.
* * * LOW HITPOINT WARNING * * *
As you read the scroll labeled BOUTOE NYIRGHEI, it crumbles to dust.
The scroll dissolves into smoke.
It was a scroll of fog.
Something hits you but does no damage.
As you read the scroll labeled FUFRUI MAWK, it crumbles to dust.
The creatures around you are filled with an inner flame!
It was a scroll of immolation.
Something hits you but does no damage.
You closely miss something. Something hits you.
You die...

### #.. #.# #.# #
#####.#######.#...
#>..)..§§@§§......
#.###..§#{§####...
#.# #.##§#§§.#
#.##..#..###.#
.....##.$..#..#
..... .)⌠?.s....
#.....#..(.##..#..
#.....###..# .###
#.## #


There were no monsters in sight!

Vanquished Creatures
  2 adders
  A dart slug (D:1)
  3 leopard geckos
  3 giant cockroaches
  8 goblins
  9 hobgoblins
  2 jackals (D:3)
  A kobold (D:2)
  A ball python (D:2)
  2 bats
  2 frilled lizards
  13 rats
47 creatures vanquished.

Notes
Turn   | Place    | Note
-------+----------+-------------------------------------------
     0 | D:1      | Araneus the Mummy Fighter began the quest for the Orb.
     0 | D:1      | Reached XP level 1. HP: 18/18 MP: 1/1
   220 | D:1      | Reached XP level 2. HP: 22/24 MP: 2/2
   724 | D:2      | Reached XP level 3. HP: 25/29 MP: 3/3
   838 | D:2      | You fall into a shaft and drop 2 floors!
  1042 | D:3      | Found a sacrificial altar of Ru.
  1254 | D:2      | Reached XP level 4. HP: 34/35 MP: 4/4
  1296 | D:2      | Slain by an orc wizard

Illustrated notes

Levels and vault maps discovered:
D:1:      lightli_arrival_statue_moat, layout_rooms, corexii_leaking_fountain
D:2:      layout_basic, minmay_pentomino_z4
D:3:      layout_basic, tso_oasis_becter, nicolae_overflow_hidden_temple,
          hangedman_decor_slide_cut
D:4:      layout_rooms, minmay_temple_entry_gardened_gates, first_ration

Skill      XL: |  1  2  3 |
---------------+----------+-----
Maces & Flails | 2 3 |  3.6
Fighting       | |  3.0
Armour         | |  2.4
Shields        | |  2.4

Action                   |  1- 3 |  4- 6 || total
-------------------------+-------+-------++-------
Melee: Flail             |   161 |    34 ||   195
  Use: Scroll            |     5 |     2 ||     7
Armor: Scale mail        |    89 |    28 ||   117
Dodge: Dodged            |    63 |     3 ||    66
Block: Kite shield       |    90 |     7 ||    97
